 Dungeon Crawl Stone Soup version 0.21.0-24-g2553a33 (webtiles) character file.

212 Monsterracer the Cudgeler (level 5, -5/41 HPs)
             Began as a Mummy Skald on Jan 20, 2018.
             Splashed by an acid dragon's acid (9 damage)
             ... led by Pikel
             ... on level 5 of the Dungeon.
             The game lasted 00:04:47 (4262 turns).

Monsterracer the Cudgeler (Mummy Skald)             Turns: 4262, Time: 00:04:48

Health: -5/41      AC:  0    Str: 16    XL:     5   Next: 58%
Magic:  7/9        EV: 11    Int: 12    God:
Gold:   78         SH:  0    Dex: 11    Spells: 1/9 levels left

rFire    x . .     SeeInvis .   a - +1 mace (crush)
rCold    + . .     Gourm    .   (no shield)
rNeg     + + +     Faith    .   b - +0 leather armour
rPois    ∞         Spirit   .   (no helmet)
rElec    .         Reflect  .   (no cloak)
rCorr    .         Harm     .   (no gloves)
MR       .....                  (no boots)
Stlth    +.........             (no amulet)
HPRegen  0.13/turn              (no ring)
MPRegen  0.11/turn              (no ring)

@: infused, corroded
A: no food or potions, fire vulnerability, cold resistance 1, negative energy
resistance 3, torment resistance, unbreathing
a: no special abilities


You were on level 5 of the Dungeon.
You were not hungry.

You visited 1 branch of the dungeon, and saw 5 of its levels.

You collected 78 gold pieces.

Inventory:

Hand Weapons
 a - a +1 mace of crushing (weapon)
Armour
 b - a +0 leather armour (worn)
Wands
 c - a wand of polymorph (15)
Scrolls
 d - 4 scrolls of teleportation {unknown}
 e - a scroll of blinking {unknown}
 f - 2 scrolls of magic mapping {unknown}
 g - 3 scrolls of identify {unknown}
 h - a scroll of enchant weapon {unknown}


   Skills:
 + Level 3.0 Fighting
 * Level 4.0 Maces & Flails
 - Level 0.7 Armour
 + Level 1.7 Dodging
 - Level 2.6 Spellcasting
 + Level 3.0 Charms


You had one spell level left.
You knew the following spells:

 Your Spells              Type           Power        Failure   Level  Hunger
a - Infusion              Chrm           #...         9%          1    N/A
b - Shroud of Golubria    Chrm/Tloc      #.........   26%         2    N/A
d - Spectral Weapon       Hex/Chrm       #.......     45%         3    N/A
h - Song of Slaying       Chrm           #.......     14%         2    N/A

Dungeon Overview and Level Annotations

Branches:
Dungeon (5/15)
 Temple: D:4-7

Altars:

Annotations:
D:3 Ijyb
D:4 Pikel


Innate Abilities, Weirdness & Mutations

You do not eat or drink.
Your flesh is vulnerable to fire.
You are immune to poison.
Your flesh is cold resistant. (rC+)
You are immune to negative energy. (rN+++)
You are immune to unholy pain and torment.
You can survive without breathing.


Message History

A giant cockroach is nearby!
You hit the giant cockroach.
You kill the giant cockroach!
Your Maces & Flails skill increases to level 4!
Health restored: 41
Found 22 stones.
Found 24 arrows.
No target in view!
No target in view!
You see here 22 stones.
Found a coppery potion.
No target in view!
You see here 24 arrows.
A hound skeleton comes into view.
Found 14 gold pieces.
Found a short sword.
You hit the hound skeleton.
The hound skeleton is moderately damaged.
The hound skeleton bites you but does no damage.
You hit the hound skeleton.
The hound skeleton is severely damaged.
The hound skeleton closely misses you.
The hound skeleton completely misses you.
A hound skeleton is nearby!
You hit the hound skeleton.
The hound skeleton is almost destroyed.
The hound skeleton closely misses you.
You barely miss the hound skeleton.
The hound skeleton is almost destroyed.
The hound skeleton barely misses you. The hound skeleton closely misses you.
A hound skeleton is nearby!
A hound skeleton is nearby!
You hit the hound skeleton.
You destroy the hound skeleton!
Found a ring mail.
You now have 78 gold pieces (gained 14).
A slave comes into view.
The slave shouts!
A slave comes into view.
There are monsters nearby!
The slave shouts!
A slave comes into view.
The slave shouts!
Pikel the Slaver comes into view.
He is wielding a whip of freezing.
Found a stone staircase leading down.
You open the door.
There is a stone staircase leading down here.
The slave closely misses you.
You climb downwards.
There is a stone staircase leading up here.
You closely miss the slave. The slave hits you but does no damage.
You hit the slave but do no damage. The slave barely misses you.
Casting: Infusion
Confirm with . or Enter, or press ? or * to list all spells.
You begin infusing your attacks with magical energy.
The slave barely misses you.
You now have 8/9 mp.
You hit the slave.
The slave is lightly wounded.
The slave hits you. The slave hits you!
You take 12 damage, and have 29/41 hp.
MASSIVE DAMAGE!!
You now have 7/9 mp.
You hit the slave but do no damage.
The slave is lightly wounded.
The slave closely misses you.
You closely miss the slave.
The slave is lightly wounded.
The slave hits you.
You take 2 damage, and have 27/41 hp.
You hit the slave.
The slave is moderately wounded.
The slave completely misses you.
You barely miss the slave.
The slave is moderately wounded.
The slave hits you!
You take 7 damage, and have 21/41 hp.
You barely miss the slave.
The slave is moderately wounded.
The slave hits you.
* * * LOW HITPOINT WARNING * * *
The slave barely misses you.
You take 6 damage, and have 15/41 hp.
You thump the slave!
The slave is severely wounded.
The slave hits you!
* * * LOW HITPOINT WARNING * * *
You take 7 damage, and have 8/41 hp.
You now have 7/9 mp.
Casting: Infusion
Confirm with . or Enter, or press ? or * to list all spells.
Okay, then.
Evoke which item? (* to show all) (? for menu, Esc to quit)
Aiming: Polymorph
Press: ? - help, Shift-Dir - straight line, f - slave
Aim: a slave, wearing an animal skin (severely wounded, chance to defeat MR: 46%)
The slave evaporates and reforms as an acid dragon!
The acid dragon spits acid at you. The splash of acid hits you!
* * * LOW HITPOINT WARNING * * *
The acid corrodes you!
You are splashed with acid!
The acid burns!
You die... ######## #@D....# ######.#

You could see an acid dragon.

Vanquished Creatures
  An orc priest (D:3)
  Jessica (D:2)
  A hound skeleton (D:4)
  4 adders
  An ooze (D:1)
  A worm (D:2)
  3 dart slugs
  5 leopard geckos
  6 orcs
  8 bats
  8 giant cockroaches
  7 goblins
  7 hobgoblins
  5 jackals (D:2)
  A ball python (D:3)
  3 frilled lizards
  7 kobolds
  15 rats
84 creatures vanquished.

Notes
Turn   | Place    | Note
-------+----------+-------------------------------------------
     0 | D:1      | Monsterracer the Mummy Skald began the quest for the Orb.
     0 | D:1      | Reached XP level 1. HP: 16/16 MP: 4/4
   108 | D:1      | Reached skill level 2 in Maces & Flails
   162 | D:1      | HP: 8/16 [leopard gecko (2)]
   167 | D:1      | HP: 6/16 [bat (1)]
   173 | D:1      | HP: 3/16 [bat (1)]
   178 | D:1      | HP: 2/16 [bat (1)]
   184 | D:1      | Reached XP level 2. HP: 3/22 MP: 2/5
   188 | D:1      | Learned a level 2 spell: Song of Slaying
   632 | D:1      | Learned a level 2 spell: Shroud of Golubria
   900 | D:1      | Reached XP level 3. HP: 24/27 MP: 7/7
   956 | D:1      | Reached skill level 3 in Maces & Flails
  1383 | D:2      | HP: 13/27 [adder (1)]
  1385 | D:2      | HP: 5/27 [adder (2)]
  1805 | D:2      | HP: 13/27 [jackal (1)]
  2073 | D:2      | Reached XP level 4. HP: 30/33 MP: 8/8
  2492 | D:2      | HP: 15/34 [adder (3)]
  2720 | D:2      | Learned a level 3 spell: Spectral Weapon
  3279 | D:3      | HP: 10/34 [orc priest/divine providence (12)]
  3281 | D:3      | Reached XP level 5. HP: 11/39 MP: 9/9
  3530 | D:3      | Noticed Jessica
  3533 | D:3      | Noticed Ijyb
  3541 | D:2      | Killed Jessica
  3992 | D:3      | HP: 20/41 [Ijyb/wand of flame (31) (9)]
  4160 | D:4      | Reached skill level 4 in Maces & Flails
  4227 | D:4      | Noticed a slave
  4228 | D:4      | Noticed a slave
  4230 | D:4      | Noticed a slave
  4231 | D:4      | Noticed Pikel
  4251 | D:5      | Entered Level 5 of the Dungeon
  4260 | D:5      | HP: 15/41 [slave[Pikel] (6)]
  4262 | D:5      | Noticed an acid dragon
  4262 | D:5      | a slave changed into an acid dragon
  4262 | D:5      | HP: 4/41 [acid dragon/splash of acid[Pikel] (4)]
  4262 | D:5      | Splashed by an acid dragon's acid

Skill      XL: |  1  2  3  4  5 |
---------------+----------------+-----
Maces & Flails | 2 3 4 |  4.0
Charms         | 3 |  3.0
Fighting       | 3 |  3.0
Armour         | |  0.7
Dodging        | |  1.7
Spellcasting   | |  2.6

Action                   |  1- 3 |  4- 6 || total
-------------------------+-------+-------++-------
Melee: Mace              |   156 |   126 ||   282
 Cast: Infusion          |     2 |     3 ||     5
       Shroud of Golubri |     1 |       ||     1
Evoke: Wand              |       |     1 ||     1
 Stab: Sleeping          |     1 |       ||     1
Armor: Leather armour    |    63 |    38 ||   101
Dodge: Dodged            |   122 |    93 ||   215

Vault maps used:
D:1:      erik_arrival_orb_chamber
D:2:      first_ration
D:3:      uniq_jessica, uniq_ijyb
D:4:      uniq_pikel, uniq_sigmund, uniq_edmund
D:5:      minmay_temple_entry_grid, uniq_menkaure
